[Event "Late-Titled-Tuesday-Blitz-November-28-2023"]
[Site "Chess.com"]
[Date "2023.11.28"]
[Round "7"]
[White "KNVB"]
[Black "Alimpic"]
[Result "1-0"]
[WhiteElo "2670"]
[BlackElo "2494"]
[TimeControl "180+1"]
[EndTime "15:16:08 PST"]
[Termination "KNVB won on time"]

1. e4 g6 2. d4 c6 3. h3 Bg7 4. Nf3 d5 5. e5 f6 6. Bd3 Nh6 7. O-O O-O 8. Re1 Bf5 9. Bxh6 Bxh6 10. Bxf5 gxf5 11. e6 Qe8 12. Nh4 f4 13. Nf5 Bg5 14. h4 Bxh4 15. Nxh4 Kh8 16. Nc3 Rg8 17. Qf3 Na6 18.
Ne2 Rg5 19. Nxf4 Qg8 20. g3 Nc7 21. Kg2 Nb5 22. c3 Nd6 23. Rh1 Ne4 24. Rh2 Qg7 25. Rah1 Kg8 26. Rh3 Nd2 27. Qd3 Ne4 28. Nf3 Rg4 29.
Nd2 f5 30. Rxh7 Qxh7 31. Rxh7 Kxh7 32. Nxe4 fxe4 33. Qe2 Rag8 34. Nh3 R8g6 35. Ng1 Kg7 36. Qe3 Kf6 37. Ne2 R6g5 38. f3 exf3+ 39. Qxf3+ Kxe6 40. Qe3+ Kd7 41. Kf3 Rg7 42. b3 Re4 43. Qd3 Rf7+ 44. Kg2 Rf6 45. Nf4 Rf8 46. c4 Rg8 47. Kf3 Rf8 48.
cxd5 cxd5 49. Qb5+ Kc8 50. Qxd5 Re1 51. Qc5+ Kb8 52.
Kf2 Ra1 53. Qxe7 Rxa2+ 54. Kf3 Rc8 55. Qd6+ Ka8 56. Nd5 1-0

[Event "Late-Titled-Tuesday-Blitz-November-28-2023"]
[Site "Chess.com"]
[Date "2023.11.28"]
[Round "7"]
[White "K_A_S_T_O_R"]
[Black "FairChess_on_YouTube"]
[Result "0-1"]
[WhiteElo "2897"]
[BlackElo "3085"]
[TimeControl "180+1"]
[EndTime "15:16:09 PST"]
[Termination "FairChess_on_YouTube won on time"]

1. e4 e6 2. d4 d5 3. Nc3 Bb4 4.
e5 c5 5. Bd2 a6 6. Nce2 Nc6 7.
Bxb4 cxb4 8. Nf3 Nge7 9. Nf4 Qb6 10. Bd3 Bd7 11. c3 bxc3 12. bxc3 Ng6 13. Nh5 O-O 14. O-O Rac8 15. Rb1 Qc7 16. Qd2 Nce7 17. Rfc1 h6 18. h4 Bb5 19. Bxb5 axb5 20. Rxb5 Nf5 21. g3 Ra8 22. Rcb1 Ra7 23. R1b2 Rc8 24. R5b3 Nfe7 25.
Kg2 Nc6 26. Qd3 Na5 27. Ra3 Ra6 28. Rb4 Rc6 29. Qb5 b6 30. Rb1 Nc4 31. Ra6 Qe7 32.
Qb3 Qb7 33. Qb5 Ra8 34. Rxa8+ Qxa8 35. Qb3 Rc7 36. a4 Ra7 37. Ra1 Ra5 38. Rb1 Rxa4 39. Re1 Ra2 40. Qb1 Qa3 41. Qd3 Qb2 42. Rf1 b5 43. Nf4 Ne7 44. Nh3 Nf5 45. Re1 h5 46. Nfg5 g6 47. Qf3 Qd2 48. Rb1 Nce3+ 49. Kg1 Ng4 50. Qf4 Qd3 51. Re1 Qxc3 52. Rc1 Ra1 53. Rxa1 Qxa1+ 54. Kg2 Qxd4 55. Qc1 Qxe5 56. Qc8+ Kg7 57.
Qd7 Ngh6 58. Nf4 Nd4 59. Qe8 Qe4+ 0-1

[Event "Late-Titled-Tuesday-Blitz-November-28-2023"]
[Site "Chess.com"]
[Date "2023.11.28"]
[Round "7"]
[White "Chessbard1972"]
[Black "lluiss"]
[Result "1/2-1/2"]
[WhiteElo "2388"]
[BlackElo "2210"]
[TimeControl "180+1"]
[EndTime "15:16:10 PST"]
[Termination "Game drawn by repetition"]

1. d4 Nf6 2. c4 g6 3. Nf3 Bg7 4. g3 O-O 5. Bg2 c6 6. O-O d5 7.
cxd5 cxd5 8. Ne5 Ng4 9. Nf3 Nf6 10. Nc3 Ne4 11. Ng5 Nxc3 12. bxc3 Nc6 13. Qb3 h6 14.
Nf3 Na5 15. Qb4 b6 16. Ba3 Re8 17. Ne5 Ba6 18. Rfe1 Rc8 19. e4 Bb7 20. Rac1 e6 21. Qa4 dxe4 22. Bxe4 Bxe4 23. Rxe4 Qd5 24. Ree1 Qxa2 25.
Ra1 Qd5 26. Bb4 Nc4 27. Nxc4 Qxc4 28. Qxa7 Bxd4 29. Re4 Bxf2+ 30. Kxf2 Qxe4 31. Re1 Qf5+ 32. Kg1 Red8 33. Qb7 Qd5 34. Qxb6 Qd2 35. Rf1 Qe2 36.
Qa7 Rf8 37. Bxf8 Rxf8 38. Qd4 e5 39. Qd5 Qe3+ 40. Kg2 Qxc3 41. h4 Qd4 42. Qf3 e4 43. Qf4 Qd3 44. Qxh6 e3 45. Qf4 e2 46. Re1 Qd1 47. Qf2 Qd5+ 48. Kh2 Re8 49. Rxe2 Rxe2 50. Qxe2 Qe6 51. Qf2 Kg7 52. Qf3 Qf6 53. Qe3 Qe6 54. Qd4+ Qf6 55. Qd2 Qe6 56. Qb2+ Qf6 57. Qa2 Qe6 58. Qc2 Qf6 59. Qe2 Qe6 60. Qg2 Qf6 61. Kh3 Qe6+ 62. Kh2 Qf6 63. Qd2 Qe6 64. Kg2 Qf6 65.
Qe2 Qe6 66. Qf3 Qf6 67. Qd3 Qc6+ 68. Kh2 Qf6 69. Qb3 Qc6 70. Qb2+ Qf6 71. Qc2 Qe6 72. Qb2+ Qf6 1/2-1/2

[Event "Late-Titled-Tuesday-Blitz-November-28-2023"]
[Site "Chess.com"]
[Date "2023.11.28"]
[Round "7"]
[White "Ducke13"]
[Black "Mariia89"]
[Result "1-0"]
[WhiteElo "2449"]
[BlackElo "2151"]
[TimeControl "180+1"]
[EndTime "15:16:14 PST"]
[Termination "Ducke13 won on time"]

1. d4 Nf6 2. g3 c5 3. d5 d6 4. c4 b5 5. cxb5 a6 6. bxa6 Bxa6 7.
Nc3 g6 8. Nf3 Bg7 9. Bg2 O-O 10.
O-O Nbd7 11. Rb1 Qa5 12. Bd2 Rfb8 13. Qc2 Bb7 14. a4 Ng4 15. b3 Nge5 16. Nb5 Qb6 17.
Ne1 Ba6 18. Nc3 Ng4 19. h3 Ngf6 20. Nd3 Ne8 21. Kh2 Nc7 22. h4 h5 23. f4 Bb7 24. e4 e5 25. f5 Bc8 26. fxg6 fxg6 27. Bh3 Nf6 28. Bxc8 Rxc8 29. Rf3 Nce8 30. Nb5 Ng4+ 31.
Kg2 Nef6 32. Nb2 Rd8 33. Nc4 Qa6 34. Nc7 Qa7 35. Nxa8 Qxa8 36. a5 Qa6 37. Bg5 Rb8 38.
Rbf1 Nh7 39. Be7 Bf8 40. Bxf8 Rxf8 41. Rxf8+ Nxf8 42. Qd2 Qb5 43. Nxd6 Qxb3 44. Rf3 Qb1 45. a6 Qa1 46. Qe2 Nd7 47. Ne8 c4 48. d6 c3 49. Nc7 c2 50. Qxc2 Qd4 51. Qe2 Nc5 52. a7 Nxe4 53. a8=Q+ Kg7 54. Qaxe4 Qxe4 55. Qxe4 1-0

[Event "Late-Titled-Tuesday-Blitz-November-28-2023"]
[Site "Chess.com"]
[Date "2023.11.28"]
[Round "7"]
[White "JSPrepz"]
[Black "vi_pranav"]
[Result "1-0"]
[WhiteElo "2886"]
[BlackElo "3043"]
[TimeControl "180+1"]
[EndTime "15:16:19 PST"]
[Termination "JSPrepz won by checkmate"]

1. e4 e5 2. Nf3 Nc6 3. Nc3 Nf6 4. a3 g6 5. Nxe5 Nxe5 6. d4 Nc6 7. d5 Bg7 8. dxc6 bxc6 9. Bd3 O-O 10. Bg5 d5 11. O-O Re8 12. Re1 h6 13. Bh4 g5 14.
Bg3 Be6 15. e5 Nd7 16. f4 gxf4 17. Bxf4 Qh4 18. Qd2 c5 19. Bb5 Rad8 20. Rad1 d4 21. Ne4 Re7 22. Bg3 Qh5 23. Bxd7 Bxd7 24. Nxc5 Bc6 25.
Nd3 Ba8 26. Rf1 Rdd7 27. Rf4 Qg6 28. Rdf1 Rd5 29. Qb4 Qe6 30. Qb8+ Re8 31. Qxc7 Rd7 32. Qa5 Rc8 33. R1f2 Qa2 34. h4 Qb1+ 35. Kh2 Rxc2 36. Qa4 Rxf2 37. Rxf2 Rd8 38. Qa6 Bd5 39. Nf4 Ba2 40.
e6 fxe6 41. Nxe6 Qg6 42. Qa5 Re8 43. Nxg7 Qxg7 44. Qb5 Bf7 45. Bf4 Qg4 46. Bg3 Qg7 47.
Rf3 Re3 48. Qb8+ Kh7 49. Qf4 Rxf3 50. Qxf3 Bg6 51. h5 Bb1 52. Qd5 Qf6 53. Qd7+ Kg8 54. Qc8+ Kh7 55. Qd7+ Kg8 56. Kg1 Qg5 57. Qe6+ Kh7 58.
Qd7+ Kg8 59. Qe6+ Kh7 60. Be5 Qe3+ 61. Kh2 Ba2 62. Qe7+ Kg8 63. Qg7# 1-0

[Event "Late-Titled-Tuesday-Blitz-November-28-2023"]
[Site "Chess.com"]
[Date "2023.11.28"]
[Round "7"]
[White "TigrVShlyape"]
[Black "Grischuk"]
[Result "1/2-1/2"]
[WhiteElo "2973"]
[BlackElo "3081"]
[TimeControl "180+1"]
[EndTime "15:16:22 PST"]
[Termination "Game drawn - insufficient material"]

1. d4 Nf6 2. Bf4 g6 3. c3 Bg7 4. Nf3 O-O 5. h3 c5 6. e3 d6 7. dxc5 dxc5 8. Qxd8 Rxd8 9. Nbd2 b6 10. Bc7 Rd7 11. Bh2 Bb7 12. Bb5 Rd8 13. O-O Nc6 14.
Rfd1 Kf8 15. a4 Na5 16. Ne5 Rac8 17. f3 Nd5 18. Kf2 Bh6 19. Ng4 Bg7 20. e4 Nxc3 21.
bxc3 Bxc3 22. Nc4 Bxa1 23. Rxa1 Nb3 24. Ra3 Nd4 25. Nce3 f6 26. Ke1 a6 27. Bf1 b5 28.
axb5 axb5 29. Ra7 Bc6 30. Bf4 Ra8 31. Rc7 Rdc8 32. Bh6+ Ke8 33. Rxc8+ Rxc8 34. Nf2 Ra8 35. Nd3 Ra1+ 36. Kf2 c4 37. Nb4 Bb7 38. e5 Ra4 39. Nbd5 Ra2+ 40. Ke1 Nc2+ 41. Nxc2 Bxd5 42. Nb4 Ra1+ 43.
Kf2 Be6 44. exf6 exf6 45. Be3 Kf7 46. Bc5 g5 47. Be2 Rb1 48. Ke3 Rb3+ 49. Kd4 Rb2 50. Ke3 h5 51. g4 h4 52. Bd6 Rb3+ 53. Kd4 Rb2 54. Ke3 Ke8 55. Bc5 Kd7 56. Kf2 c3 57.
Ke3 Bc4 58. Bxc4 bxc4 59. Nd5 Kc6 60. Nxc3 Rh2 61. Bd4 Rxh3 62. Bxf6 Rh1 63. Bxg5 h3 64. Bf4 h2 65. Bxh2 Rxh2 66. Kd4 Rf2 67. Kxc4 Rxf3 68.
Kd4 Rf4+ 69. Ne4 Rxg4 70. Ke5 Rxe4+ 71. Kxe4 1/2-1/2

[Event "Late-Titled-Tuesday-Blitz-November-28-2023"]
[Site "Chess.com"]
[Date "2023.11.28"]
[Round "7"]
[White "Njal28"]
[Black "Angry_Twin"]
[Result "1-0"]
[WhiteElo "3015"]
[BlackElo "2957"]
[TimeControl "180+1"]
[EndTime "15:16:24 PST"]
[Termination "Njal28 won by checkmate"]

1. e4 c5 2. Nf3 d6 3. Bb5+ Nd7 4. O-O a6 5. Bxd7+ Bxd7 6. c3 Nf6 7. Re1 Bc6 8. d4 cxd4 9. cxd4 Bxe4 10. Nc3 d5 11. Bg5 e6 12. Nxe4 dxe4 13. Rxe4 Be7 14. Bxf6 Bxf6 15. d5 O-O 16. dxe6 fxe6 17. Qb3 Qd5 18. Qxd5 exd5 19. Re2 Rac8 20. Rd1 Rfd8 21. g3 Kf7 22. Kg2 Rc6 23. Red2 Rcd6 24. Ne1 d4 25. Nd3 g5 26. Rc2 R8d7 27. Re1 h6 28. Kf3 Rd5 29. Kg4 Kg6 30.
f4 h5+ 31. Kf3 Kf5 32. fxg5 Bxg5 33. Re8 Be3 34. Rf8+ Kg6 35. Ke4 Rd8 36. Rxd8 Rxd8 37. Rc7 Re8+ 38. Ne5+ Kf6 39. Rf7+ Ke6 40. Rxb7 Kd6 41.
Rd7+ Kc5 42. Rd5+ Kb6 43. Kd3 Bg1 44. Nc4+ Kc7 45. Rxh5 Re1 46. Rh7+ Kc6 47. Rh5 Rd1+ 48. Ke2 Rc1 49. Ne5+ Kd6 50. Nf3 Be3 51. Kd3 Rd1+ 52. Ke4 Rb1 53. Nxd4 Bxd4 54. Kxd4 Rxb2 55. Rh6+ Ke7 56.
Rxa6 Rxh2 57. Ke4 Rg2 58. Kf4 Rb2 59. g4 Kf7 60. a4 Kg7 61. Kg5 Rc2 62. Ra7+ Kg8 63. Kh5 Rc5+ 64. g5 Rc2 65. Kh6 Rc6+ 66. g6 Rc8 67. a5 Rb8 68. a6 Kh8 69. Rh7+ Kg8 70. Rb7 Re8 71. a7 Kh8 72. Rb8 Rxb8 73. axb8=Q# 1-0

[Event "Late-Titled-Tuesday-Blitz-November-28-2023"]
[Site "Chess.com"]
[Date "2023.11.28"]
[Round "7"]
[White "Ellaijio_B"]
[Black "bazar-wokzal"]
[Result "1/2-1/2"]
[WhiteElo "2780"]
[BlackElo "2647"]
[TimeControl "180+1"]
[EndTime "15:16:32 PST"]
[Termination "Game drawn - insufficient material"]

1. b3 e5 2. Bb2 Nc6 3. e3 a6 4. g3 h5 5. h3 d5 6. Bg2 h4 7. g4 f5 8. gxf5 Bxf5 9. d3 Nf6 10. Nd2 Qd7 11. a3 O-O-O 12. Qe2 g5 13. O-O-O g4 14.
hxg4 Bxg4 15. f3 Bf5 16. e4 Be6 17. Kb1 Bc5 18. Bh3 Rdg8 19. Bxe6 Qxe6 20. Nh3 Nh5 21. exd5 Qxd5 22. Qe4 Qd8 23. Bxe5 Nxe5 24. Qxe5 Bxa3 25.
Nc4 Bb4 26. Nf4 Nxf4 27. Qxf4 Bc3 28. d4 h3 29. Qe3 Bb4 30. Rxh3 Kb8 31. Rxh8 Rxh8 32.
d5 Re8 33. Qd4 Qe7 34. d6 cxd6 35. Nxd6 Bxd6 36. Qxd6+ Qxd6 37. Rxd6 Re1+ 38. Kb2 Rf1 39. Rd3 Rf2 40. b4 Kc7 41. Kb3 b5 42. Kc3 Kb6 43.
Re3 a5 44. bxa5+ Kxa5 45. Kb3 Rf1 46. c3 Rf2 47. c4 Kb6 48. Kc3 bxc4 49. Kxc4 Kc6 50.
Rd3 Re2 51. Kd4 Re7 52. Ra3 Re1 53. f4 Kd6 54. Ra6+ Ke7 55. Kd5 Kf7 56. f5 Re2 57. Rb6 Re1 58. Rb2 Re3 59. Rb6 Re1 60. Kd4 Re2 61.
Ra6 Re1 62. Ra2 Re8 63. Rf2 Kf6 64. Kd5 Re5+ 65. Kd6 Rxf5 66. Rxf5+ Kxf5 1/2-1/2

[Event "Late-Titled-Tuesday-Blitz-November-28-2023"]
[Site "Chess.com"]
[Date "2023.11.28"]
[Round "7"]
[White "SalihEke"]
[Black "Hasangatin_Ramil"]
[Result "1-0"]
[WhiteElo "2521"]
[BlackElo "2696"]
[TimeControl "180+1"]
[EndTime "15:16:39 PST"]
[Termination "SalihEke won on time"]

1. d4 d6 2. Nf3 Bg4 3. Bf4 Bxf3 4.
gxf3 c6 5. c3 g6 6. e3 Nd7 7.
Nd2 Bg7 8. Bg3 Ngf6 9. Bd3 O-O 10. Qe2 Re8 11. f4 e6 12. O-O Qc7 13. a4 Nh5 14.
Nf3 a5 15. Qc2 Rac8 16. e4 d5 17. e5 Bh6 18. Ng5 c5 19. Qe2 cxd4 20. cxd4 Nb8 21.
Nxh7 Kxh7 22. Qxh5 Nc6 23. Qd1 Nxd4 24. Bxg6+ fxg6 25. Qxd4 Qc5 26. Qd3 Qc4 27. Rfd1 Qxd3 28. Rxd3 Rc4 29.
Rb3 Re7 30. Rb5 Rb4 31. Rxb4 axb4 32. Rc1 Rd7 33. Kf1 Kg7 34. Ke2 Kf7 35. Kd3 Bf8 36.
Rc8 Be7 37. f3 Bd8 38. Bf2 Be7 39. Kc2 Bf8 40. Bh4 b3+ 41. Kxb3 d4 42. Kc2 d3+ 43. Kd1 Bb4 44. Rd8 Rxd8 45. Bxd8 Ke8 46. Bb6 Kd7 47.
Be3 Kc6 48. Bd2 Bc5 49. Bc3 Be3 50. Bd2 Bd4 51. Bc3 Be3 52. Bd2 Bg1 53. h3 Kd5 54. Bc3 Be3 55. Bd2 Bf2 56. b4 Kc4 57. b5 Bd4 58. Be1 Be3 59. Bd2 Bc5 60. h4 Bf2 61. f5 exf5 62. Bg5 Kd5 63. Bf6 Be3 64. a5 Kc4 65. a6 bxa6 66. bxa6 Kd5 67. Ke1 Ke6 68.
f4 Kd5 69. Kd1 Ke6 70. Bd8 Kd5 71. Ba5 Ke6 72. Bd2 Bd4 73. Bc1 Bc3 74. a7 1-0

[Event "Late-Titled-Tuesday-Blitz-November-28-2023"]
[Site "Chess.com"]
[Date "2023.11.28"]
[Round "7"]
[White "Zavgorodniy_Sergiy"]
[Black "Jahonas"]
[Result "1/2-1/2"]
[WhiteElo "2653"]
[BlackElo "2430"]
[TimeControl "180+1"]
[EndTime "15:16:56 PST"]
[Termination "Game drawn by stalemate"]

1. d4 Nf6 2. c4 e6 3. Nf3 b6 4.
g3 Bb7 5. Bg2 Bb4+ 6. Nbd2 O-O 7.
O-O Re8 8. b3 a5 9. Bb2 d5 10.
a3 Bf8 11. Rc1 Nbd7 12. Qc2 Rc8 13. Rfd1 h6 14. Qb1 Qe7 15. Ne5 Nxe5 16. dxe5 Nd7 17.
cxd5 exd5 18. f4 c5 19. e3 Red8 20. Nf3 Nb8 21. Rd2 Nc6 22. Rcd1 d4 23. exd4 Nxd4 24.
Nxd4 cxd4 25. Rxd4 Bxg2 26. Kxg2 Qb7+ 27. Kh3 Rxd4 28.
Rxd4 Qf3 29. Qd1 Qxd1 30. Rxd1 Rc2 31. Bc1 Rc3 32. b4 axb4 33. axb4 Bxb4 34. Rd8+ Kh7 35. Bd2 Rc4 36. Bxb4 Rxb4 37. Rd7 Kg6 38. Rd6+ Kf5 39. Rd7 Ke6 40. Rb7 h5 41. Kh4 g6 42. h3 Rb3 43. g4 hxg4 44. hxg4 Rb1 45. Kg5 Rg1 46. Rxb6+ Ke7 47. Rb8 Rg2 48. Rb7+ Ke6 49. Rb5 Rg1 50.
Ra5 Rg2 51. Ra6+ Ke7 52. Rf6 Rg1 53. Rc6 Rg2 54. Kh4 Rg1 55. Kh3 g5 56. f5 Re1 57.
Rc7+ Ke8 58. Rc5 Re3+ 59. Kg2 Ra3 60. Kf2 Ke7 61. Rc7+ Ke8 62. Rc2 Ra4 63. Kf3 Rf4+ 64. Kg3 Re4 65. Rc5 Ke7 66. Ra5 Re1 67. Kf2 Re4 68.
Kf3 Rf4+ 69. Kg3 Re4 70. Ra7+ Ke8 71. Ra8+ Ke7 72. Ra5 Re3+ 73. Kg2 Re4 74. Kh3 Re3+ 75. Kh2 Re4 76. Ra7+ Ke8 77. Ra8+ Ke7 78. f6+ Ke6 79. Re8+ Kd5 80. Re7 Rxg4 81. Kh3 Rf4 82. Kg3 Rf5 83. Kg4 Rxe5 84. Rxf7 Ke6 85. Rf8 Rf5 86. Re8+ Kf7 87.
Kxf5 Kxe8 88. Kg6 Kf8 89. Kxg5 Kf7 90. Kf5 Kf8 91. Ke6 Ke8 92. Kd6 Kf7 93. Ke5 Kf8 94.
Kf5 Kf7 95. Kg5 Kf8 96. Kg6 Kg8 97. Kf5 Kf7 98. Ke5 Kf8 99. Ke6 Ke8 100. f7+ Kf8 101. Kf6 1/2-1/2

[Event "Late-Titled-Tuesday-Blitz-November-28-2023"]
[Site "Chess.com"]
[Date "2023.11.28"]
[Round "7"]
[White "andrzej"]
[Black "Dino_Ballecer"]
[Result "1/2-1/2"]
[WhiteElo "2467"]
[BlackElo "2574"]
[TimeControl "180+1"]
[EndTime "15:16:58 PST"]
[Termination "Game drawn - insufficient material"]

1. e4 c5 2. Nf3 d6 3. d4 cxd4 4. Nxd4 Nf6 5. Nc3 g6 6. Be3 Bg7 7. f3 O-O 8. Qd2 Nc6 9. O-O-O d5 10. exd5 Nxd5 11. Nxc6 bxc6 12. Bd4 Bxd4 13. Qxd4 Qb6 14. Na4 Qa5 15. b3 Be6 16. Qc5 Qc7 17. g3 Rfd8 18. Bd3 Qe5 19. Kb1 Rab8 20. Rhe1 Qf6 21. f4 Rb4 22.
Bc4 Rdb8 23. Bxd5 cxd5 24. Nb2 a5 25. Qxa5 R4b7 26. Nd3 Rb5 27. Qc7 Ra8 28. Qe5 Rba5 29. Qxf6 exf6 30. a4 Rb8 31. Kb2 Rxa4 32. Nc5 Ra5 33.
Nxe6 fxe6 34. Rxe6 Rba8 35. Rxf6 Ra2+ 36. Kc3 Rc8+ 37. Kb4 Rb8+ 38. Kc3 Rc8+ 39. Kd4 Raxc2 40. Rd3 Rxh2 41. Rd6 Kf7 42. Rxd5 Ke7 43. Ke4 Rc7 44. Kf3 Rb2 45. Re3+ Kf7 46. Rde5 Rb7 47. Kg4 R2xb3 48.
Rxb3 Rxb3 49. Ra5 Kg7 50. Kh4 Rb7 51. Kg4 Rf7 52. Ra6 h6 53. Kh4 Kh7 54. Rd6 Kg7 55.
Re6 Rd7 56. g4 Rd4 57. Kg3 Rd3+ 58. Kg2 Kf7 59. Re2 Kf6 60. Rb2 Rd6 61. Kf3 g5 62. f5 Rd3+ 63. Ke4 Rg3 64. Rb6+ Kg7 65. f6+ Kg6 66. f7+ Kxf7 67. Rxh6 Kg7 68. Ra6 Rxg4+ 69.
Kf5 Rg1 70. Rg6+ Kf7 71. Rh6 g4 72. Kf4 Kg7 73. Rh4 Kf6 74. Rxg4 Rxg4+ 75. Kxg4 1/2-1/2

[Event "Late-Titled-Tuesday-Blitz-November-28-2023"]
[Site "Chess.com"]
[Date "2023.11.28"]
[Round "7"]
[White "MaxLeto"]
[Black "Elbebiber"]
[Result "0-1"]
[WhiteElo "2520"]
[BlackElo "2146"]
[TimeControl "180+1"]
[EndTime "15:17:01 PST"]
[Termination "Elbebiber won by checkmate"]

1. g4 d5 2. Bg2 c6 3. h3 e6 4.
d4 Nf6 5. Nf3 Ne4 6. c3 Be7 7.
Bf4 c5 8. Nbd2 Nxd2 9. Qxd2 Nc6 10. O-O cxd4 11. cxd4 Qa5 12. Qxa5 Nxa5 13. Rfc1 Nc6 14. a3 Bd7 15. b4 a6 16. e3 O-O 17. Rc3 Rfc8 18.
Rac1 Na7 19. Ne5 Rxc3 20. Rxc3 Rc8 21. Rxc8+ Bxc8 22. Bf1 f6 23. Nd3 Nb5 24. a4 Nc3 25.
a5 Kf7 26. Bc7 Ke8 27. Bb6 Bd6 28. Bc5 Ke7 29. Bxd6+ Kxd6 30. Nc5 e5 31. Bd3 h6 32.
Kf1 exd4 33. exd4 Na2 34. b5 axb5 35. Bxb5 Nb4 36. Ke2 Nc6 37. Bxc6 Kxc6 38. Kd3 b6 39. axb6 Kxb6 40. Ke3 Kc6 41. Kf4 Kd6 42. h4 Ke7 43. g5 hxg5+ 44. hxg5 Kf7 45. Nd3 Ke7 46. Nb4 Kd6 47.
gxf6 gxf6 48. Nd3 Bd7 49. Nc5 Bc8 50. Kg3 Ke7 51. Kh4 Kf7 52. Kh5 Kg7 53. f4 Bh3 54. Kh4 Bg2 55. Ne6+ Kf7 56. Nc7 Be4 57. Kg4 Bh1 58.
f5 Be4 59. Kf4 Bh1 60. Ne6 Be4 61. Nc5 Bh1 62. Nb3 Be4 63. Nd2 Bg2 64. Nf1 Bxf1 65. Kg4 Bd3 66. Kf4 Be4 67. Kg4 Kg7 68. Kf4 Kh6 69. Kg4 Bd3 70. Kf4 Be2 71. Ke3 Bd1 72. Kf4 Kh5 73. Ke3 Kg5 74. Kd2 Bg4 75. Ke3 Bxf5 76.
Kf3 Be4+ 77. Kg3 f5 78. Kf2 f4 79. Ke2 Kg4 80. Kf2 f3 81. Kf1 Kf4 82. Kf2 Bf5 83.
Ke1 Ke3 84. Kf1 Kxd4 85. Kf2 Ke4 86. Kf1 Ke3 87. Ke1 f2+ 88. Kf1 Bd3+ 89. Kg2 f1=Q+ 90. Kh2 Qf2+ 91. Kh1 Be4# 0-1

[Event "Late-Titled-Tuesday-Blitz-November-28-2023"]
[Site "Chess.com"]
[Date "2023.11.28"]
[Round "7"]
[White "Hrant_ChessMood"]
[Black "Aradhya2000"]
[Result "0-1"]
[WhiteElo "2923"]
[BlackElo "2740"]
[TimeControl "180+1"]
[EndTime "15:17:02 PST"]
[Termination "Aradhya2000 won by resignation"]

1. Nf3 d5 2. d4 Nf6 3. c4 c6 4. e3 Bg4 5. h3 Bxf3 6. Qxf3 e6 7. Bd3 Nbd7 8. O-O Bd6 9. Nd2 O-O 10. e4 e5 11. exd5 cxd5 12. cxd5 exd4 13. Nc4 Ne5 14. Nxe5 Bxe5 15. Re1 Re8 16. Bf4 Qd6 17. Rxe5 Rxe5 18.
g3 Rae8 19. Bxe5 Rxe5 20. Rc1 g6 21. Qf4 Rxd5 22. Qxd6 Rxd6 23. Rc7 Rb6 24. Bc4 Rc6 25.
Bxf7+ Kf8 26. Rxc6 bxc6 27. Bc4 Ke7 28. Kf1 Kd6 29.
Ke2 Kc5 30. Bd3 Kd5 31. b3 Ne4 32. Bxe4+ Kxe4 33. f3+ Kd5 34. Kd3 a5 35. f4 h5 36. g4 h4 37. a3 c5 38. a4 Kd6 39.
Ke4 Ke6 40. f5+ gxf5+ 41. gxf5+ Kf6 42. Kf4 d3 43. Ke3 Kxf5 44. Kxd3 Kf4 45. Kc4 Kg3 46. Kxc5 Kxh3 47. b4 axb4 48. a5 b3 49. a6 b2 50.
a7 b1=Q 51. a8=Q Qc2+ 52. Kd4 Qd2+ 53. Ke5 Qe3+ 54. Kf6 Qf4+ 55. Kg7 Kg3 56. Qa3+ Qf3 57. Qd6+ Kg2 58. Qd2+ Qf2 59. Qd5+ Kg1 60. Qd1+ Kh2 61. Kh7 h3 62. Qd6+ Kg1 63. Qg6+ Kf1 64. Qb1+ Kg2 65.
Qg6+ Qg3 66. Qe4+ Kf2 67. Qc2+ Ke3 68. Qc3+ Kf4 69. Qc7+ Kg4 70. Qg7+ Kf3 71. Qc3+ Kg2 72. Qd2+ Qf2 73. Qd5+ Kh2 74. Qd6+ Kh1 75. Qd5+ Kg1 76. Qd1+ Qf1 77. Qg4+ Kf2 78. Qf4+ Ke2 79. Qe4+ Kd2 80. Qd4+ Qd3+ 81. Qxd3+ Kxd3 0-1

[Event "Late-Titled-Tuesday-Blitz-November-28-2023"]
[Site "Chess.com"]
[Date "2023.11.28"]
[Round "7"]
[White "Koksal06"]
[Black "mbojan"]
[Result "0-1"]
[WhiteElo "2627"]
[BlackElo "2859"]
[TimeControl "180+1"]
[EndTime "15:17:06 PST"]
[Termination "mbojan won by resignation"]

1. c4 a6 2. Nc3 e6 3. e4 c5 4. Nf3 Qc7 5. d4 cxd4 6. Nxd4 Nf6 7. Be2 Bb4 8. f3 O-O 9. O-O d5 10. cxd5 Bxc3 11. bxc3 exd5 12. Bg5 Nbd7 13. exd5 Nxd5 14. c4 Qe5 15. cxd5 Qxg5 16. Nb3 Nf6 17. d6 Be6 18. f4 Qf5 19. Bf3 Rad8 20. Bxb7 Bxb3 21.
axb3 Qc5+ 22. Kh1 Rxd6 23. Qe2 a5 24. Bf3 Re8 25. Qa2 Qb6 26. Qxa5 Qxb3 27. Qa4 Qb8 28. Rab1 Qd8 29. Rbd1 h6 30. g3 Qb6 31. Rxd6 Qxd6 32. Kg2 Rb8 33. Rf2 Qc5 34. Qd1 Qb6 35. Rd2 Re8 36.
Rd6 Qc7 37. Rd2 Rc8 38. Rd3 h5 39. Rd2 g6 40. Qe2 Qc3 41. Qf2 Ng4 42. Bxg4 hxg4 43. Qe2 Qc6+ 44. Kf2 Re8 45. Qxg4 Qh1 46. Re2 Qxh2+ 47.
Kf1 Qh1+ 48. Kf2 Qh2+ 49. Kf1 Rxe2 50. Qxe2 Qxg3 51. Qe8+ Kg7 52. Qe5+ Kh7 53. Qf6 Qd3+ 54. Kf2 Qd5 55. Kg3 Qe6 56. Qh4+ Kg7 57. Qg5 Qf6 58. Kg4 Qa1 59. Kg3 Qg1+ 60. Kf3 Qd1+ 61. Ke3 Qh5 62. Ke4 Qe2+ 63. Kd4 Qe6 64. Kd3 f6 65. Qc5 Kh6 66. Qg1 f5 67. Qh2+ Kg7 68. Qh4 Qf6 69. Qh2 Qe7 70. Kd4 Qe4+ 71. Kc5 Qe1 72. Kd6 Qe8 73. Kd5 Qe7 74. Kc6 Qe6+ 75. Kc5 Qd7 76. Qh4 Qe8 77. Kd5 Qf7+ 78. Kc5 Qf6 79. Qh2 Qe6 80. Qh4 Kf7 81.
Qh7+ Ke8 82. Qh8+ Kd7 83. Qh7+ Qe7+ 84. Qxe7+ Kxe7 85. Kd5 Kf6 86. Kd4 g5 87. fxg5+ Kxg5 88.
Ke3 Kg4 89. Kf2 Kf4 90. Kg2 Ke3 91. Kg1 Kf3 92. Kf1 f4 93. Kg1 Ke2 0-1

[Event "Late-Titled-Tuesday-Blitz-November-28-2023"]
[Site "Chess.com"]
[Date "2023.11.28"]
[Round "7"]
[White "Zampronha1971"]
[Black "temiksmozg"]
[Result "1-0"]
[WhiteElo "2408"]
[BlackElo "2588"]
[TimeControl "180+1"]
[EndTime "15:17:16 PST"]
[Termination "Zampronha1971 won on time"]

1. e4 c5 2. Nf3 Nc6 3. d4 cxd4 4. Nxd4 Nf6 5. Nc3 e5 6. Ndb5 d6 7. Bg5 a6 8. Na3 b5 9. Nd5 Be7 10. Bxf6 Bxf6 11. c3 O-O 12. Nc2 Bg5 13. a4 bxa4 14. Rxa4 a5 15. Bb5 Ne7 16. Ncb4 Be6 17. Nxe7+ Qxe7 18.
Nd5 Qa7 19. O-O Qc5 20. Qe2 Bxd5 21. exd5 Qxd5 22. Rfa1 Bd8 23. b4 Bb6 24. bxa5 Bc5 25. a6 Ra7 26. Bd3 g6 27. Be4 Qb3 28. Qc2 Qe6 29.
Bb7 f5 30. Qd2 Kg7 31. Qd5 Qf6 32. Rb1 e4 33. Rc4 Qe7 34. Rd1 e3 35. fxe3 Qxe3+ 36. Kh1 Re8 37. h3 f4 38. Rxc5 dxc5 39. Rf1 Rf8 40.
Rf3 Qe1+ 41. Kh2 Qe7 42. c4 g5 43. Rd3 h5 44. Qf3 Kg6 45. Rd5 Rf6 46. Qd3+ Kg7 47. Rd7 Rf7 48. Rxe7 Rxe7 49. Qd5 Kf6 50. Qxc5 g4 51.
hxg4 hxg4 52. Qb6+ Kg5 53. Qc5+ Kf6 54. g3 Re2+ 55. Kg1 f3 56. Qb6+ Kf5 57. Qxa7 Re1+ 58. Kf2 Re2+ 59. Kf1 Ra2 60. Qb6 Ke5 61. Qc5+ Ke6 62.
a7 Ra1+ 63. Kf2 Ra2+ 64. Ke3 f2 65. Qd5+ Kf6 66. Qd6+ Kg7 67. Qe7+ Kg6 68. Qe6+ Kg5 69. Qe5+ Kg6 70. Qf4 Ra3+ 71. Kd4 Rxa7 72. Qxg4+ Kh6 73.
Qf3 Ra2 74. Qe3+ Kh5 75. Qf3+ Kg6 76. g4 Rd2+ 77. Kc3 Ra2 78. Qf5+ Kg7 79. Bg2 Ra3+ 80.
Kb4 Ra2 81. Qe5+ Kg6 82. Qf5+ Kg7 83. Bf1 Rb2+ 84. Kc3 Ra2 85. g5 Ra3+ 86. Kb4 Ra6 87. g6 Rxg6 88. Qxf2 Rf6 89. Qd4 Kf7 90. Qxf6+ 1-0

[Event "Late-Titled-Tuesday-Blitz-November-28-2023"]
[Site "Chess.com"]
[Date "2023.11.28"]
[Round "7"]
[White "NikolaGry"]
[Black "ChristopherYoo"]
[Result "0-1"]
[WhiteElo "2713"]
[BlackElo "3024"]
[TimeControl "180+1"]
[EndTime "15:17:22 PST"]
[Termination "ChristopherYoo won on time"]

1. e4 c5 2. Nf3 e6 3. c3 d5 4. exd5 Qxd5 5. d4 Nf6 6. Na3 a6 7.
Nc4 Nbd7 8. Ne3 Qc6 9. Be2 Be7 10. O-O O-O 11. Ne5 Qc7 12. Nxd7 Bxd7 13. d5 Rad8 14.
dxe6 Bxe6 15. Qc2 c4 16. Bd2 b5 17. Rad1 Bc5 18. Bc1 Qb6 19. a3 h5 20. h3 g6 21. Bf3 Kg7 22. Rxd8 Rxd8 23. Rd1 a5 24. Rxd8 Qxd8 25. a4 Qb6 26. axb5 Qxb5 27. Qd2 Qd7 28. Qe2 Qd3 29. Qxd3 cxd3 30. Kf1 Nd7 31. Ke1 Ne5 32.
Be4 f5 33. Bb7 f4 34. Nf1 f3 35. Be3 Bxe3 36. Nxe3 g5 37. Kd2 h4 38. Be4 Kf8 39.
c4 Bxc4 40. gxf3 Be6 41. Ng4 Nc4+ 42. Kc3 d2 43. Bc2 Ke7 44. b3 Na3 45. Bd1 Kd6 46.
Kxd2 Bxg4 47. fxg4 Ke5 48. Kc3 Nb5+ 49. Kc4 Nd4 50.
Kc5 Ne6+ 51. Kb6 Nf4 52. Kxa5 Nxh3 53. b4 Nxf2 54. Bf3 Kd6 55. b5 Kc7 56. Ka6 Kb8 57. Kb6 h3 58. Kc5 h2 59. Kd4 Nxg4 60. Bg2 Kc7 61. Ke4 Kb6 62. Kf3 Nf6 63. Kg3 Kxb5 64. Kxh2 Kc5 65. Kg3 Kd4 66. Bf3 Ke5 67. Bd1 Ne4+ 68.
Kg4 Kf6 69. Bc2 Nd6 70. Kg3 Nc4 71. Bd3 Ne3 72. Kf3 Nd5 73. Be4 Ne7 74. Kg4 Ng8 75. Bf3 Nh6+ 76. Kg3 Kf5 77. Kf2 Kf4 78. Be2 Nf5 79.
Bd1 Ne3 80. Be2 Nd5 81. Bd1 Nf6 82. Be2 Ne4+ 83. Kg2 Nd2 84. Bh5 Nc4 85. Be2 Nd6 86. Bd1 Nf5 87. Bh5 Ne3+ 88. Kh2 Ke4 89. Be2 Kf4 90.
Bh5 Nc2 91. Kg2 Nd4 92. Kh2 Nf3+ 93. Kh3 Ne1 0-1